 Dungeon Crawl Stone Soup version 0.31.0-11-ge490571c62 (webtiles) character file.

Game seed: 6185940030733947196

77530 michknight7 the Tortoise (level 15, 0/141 HPs)
             Began as a Minotaur Berserker on Jan 30, 2024.
             Was the Champion of Trog.
             Slain by Mennas
             ... wielding a +0 trishula of holy wrath
              (18 damage)
             ... on level 2 of the Vaults.
             The game lasted 01:09:18 (15559 turns).

michknight7 the Tortoise (Minotaur Berserker)      Turns: 15559, Time: 01:09:19

Health: 0/141      AC: 33    Str: 36    XL:     15   Next: 15%
Magic:  14/14      EV: 10    Int:  6    God:    Trog [******]
Gold:   1263       SH:  0    Dex:  6    Spells: 14/14 levels left

rFire   + . .        J - +10 long sword of Ointment {freeze, Int+2 Stlth+}
rCold   + + .        L - +0 kite shield of the Doldrums {rPois rC+ Dex-3 Slay+2}
rNeg    . . .        M - +7 plate armour {rC+}
rPois   +            (helmet restricted)
rElec   +            r - +2 cloak
rCorr   .            I - +0 pair of gloves
SInv    .            n - +2 pair of boots {Fly}
Will    +....        h - amulet of regeneration Stlth
                     z - +6 ring of strength
HPRegen 1.23/turn    S - ring of Aneownafuu {^Contam rElec rPois rF+ Slay+4}
MPRegen 0.14/turn

%: no passive effects
@: confused, mighty, flying, hasted, glowing, studying Staves, very quick
A: horns 2, retaliatory headbutt
a: Renounce Religion, Berserk, Trog's Hand, Brothers in Arms


You were on level 2 of the Vaults.
You worshipped Trog.
Trog was exalted by your worship.
You visited 4 branches of the dungeon, and saw 18 of its levels.
You visited 1 bazaar.
You also visited: Ossuary and Bailey.

You collected 1667 gold pieces.
You spent 404 gold pieces at shops.

Inventory:

Hand Weapons
 J - the +10 long sword of Ointment (weapon) {freeze, Int+2 Stlth+}
   (You took it off an orc warrior in a bailey)

   Int+2:     It affects your intelligence (+2).
   Stlth+:    It makes you more stealthy.
Missiles
 q - 15 poisoned darts (quivered)
Armour
 n - a +2 pair of boots of flying (worn)
 r - a +2 cloak (worn)
 I - a +0 pair of gloves (worn)
 L - the +0 kite shield of the Doldrums (worn) {rPois rC+ Dex-3 Slay+2}
   (You took it off an orc warrior in a bailey)

   Dex-3:     It affects your dexterity (-3).
   Slay+2:    It affects your accuracy & damage with ranged weapons and melee
   (+2).
   rC+:       It protects you from cold.
   rPois:     It protects you from poison
 M - a +7 plate armour of cold resistance (worn)
Jewellery
 h - an amulet of regeneration (around neck)
 l - a +5 ring of evasion
 z - a +6 ring of strength (left hand)
 S - the ring of Aneownafuu (right hand) {^Contam rElec rPois rF+ Slay+4}
   (You found it on level 1 of the Lair of Beasts)

   [ring of poison resistance]

   Slay+4:    It affects your accuracy & damage with ranged weapons and melee
   (+4).
   rF+:       It protects you from fire.
   rElec:     It insulates you from electricity.
   rPois:     It protects you from poison ^Contam: It causes magical
   contamination when unequipped.
Wands
 o - a wand of flame (21)
 C - a wand of roots (8)
 K - a wand of mindburst (10)
Scrolls
 a - 2 scrolls of brand weapon
 c - 9 scrolls of teleportation
 d - 6 scrolls of poison
 f - 5 scrolls of fear
 k - a scroll of vulnerability
 t - 3 scrolls of enchant weapon {unknown}
 x - 5 scrolls of fog
 y - 5 scrolls of immolation
 B - a scroll of revelation
 D - a scroll of summoning
 H - 2 scrolls of silence
Potions
 b - 2 potions of magic
 e - 7 potions of mutation
 i - 3 potions of brilliance
 m - 7 potions of attraction
 p - 4 potions of haste
 s - 2 potions of cancellation
 A - 7 potions of might
 F - 9 potions of curing
 G - 5 potions of enlightenment
 O - a potion of invisibility
Miscellaneous
 N - a condenser vane
 P - a lightning rod (4/4)
 R - a phantom mirror


   Skills:
 + Level 15.4 Fighting
 - Level 14.0 Long Blades
 + Level 11.2 Maces & Flails
 + Level 15.7 Armour
 + Level 9.2 Dodging
 + Level 2.9 Stealth
 + Level 13.8 Shields


You had 14 spell levels left.
You didn't know any spells.
Your spell library was empty.

Dungeon Overview and Level Annotations

Branches:
Dungeon (13/15)            Temple (0/1) D:4            Lair (2/5) D:10
 Shoals (0/4) Lair:2          Orc (1/2) D:10         Vaults (2/5) D:13
Ossuary (visited)          Bailey (visited)
  Snake: Lair:2-3    Spider: Lair:2-3     Crypt: Vaults:2-3

Altars:
Ashenzari
Dithmenos
Gozag
Makhleb
Nemelex Xobeh
Qazlal
Ru
Uskayaw
Wu Jian

Shops:
D:3 :   D:4 (   D:5 (   D:6 !!?==   Vaults:1 [

Annotations:
Lair:2 2 transporters, ces's ghost, journeyman SpHu
Vaults:2 Mennas


Innate Abilities, Weirdness & Mutations

You have a pair of horns on your head.
You reflexively headbutt those who attack you in melee.


Message History

Mennas blocks your attack.
Your headbutt misses Mennas.
Mennas is moderately wounded.
Mennas hits you with a +0 trishula of holy wrath!!
* * * LOW HITPOINT WARNING * * *
Mennas hits you but does no damage. You block Mennas's attack.
Mennas misses you.
You feel much better.
Mennas hits you with a +0 trishula of holy wrath!
* * * LOW HITPOINT WARNING * * *
Mennas hits you but does no damage.
As you read the scroll of fear, it crumbles to dust.
You assume a fearsome visage.
Mennas easily resists.
Mennas hits you with a +0 trishula of holy wrath!
* * * LOW HITPOINT WARNING * * *
Mennas hits you but does no damage. Mennas barely misses you.
You furiously retaliate!
You headbutt Mennas!!
Mennas hits you with a +0 trishula of holy wrath.
* * * LOW HITPOINT WARNING * * *
You feel yourself speed up. Mennas hits you but does no damage.
Mennas misses you. You block Mennas's attack. x2
You block Mennas's attack.
Mennas hits you from afar with a +0 trishula of holy wrath.
* * * LOW HITPOINT WARNING * * *
You see here a +0 quarterstaff.
Mennas attacks as he pursues you! You block Mennas's attack.
Mennas hits you but does no damage.
Things that are here:
a +0 shortbow; a deep troll corpse Mennas attacks as he pursues you!
You block Mennas's attack. Mennas misses you.
Mennas gestures frantically.
You are confused.
You're too confused to move!
Okay, then.
You feel as though your hastened speed will last longer.
Mennas gestures frantically.
You are more confused.
You bump into the stone wall.
Mennas hits you from afar with a +0 trishula of holy wrath!!
You die...

#############...
#..#...........#...
#..#..#)#.#.#(.#...
#..#..#######..#...
######..#..#(#.#%#..'...
........#...........#...
........#############...
.............)).........
.......@.A...))...).....
############'###########
..... .........
#............
#............
#............
#............


You could see Mennas.

Vanquished Creatures
  Mara (Vaults:2)
  Nikola (Vaults:1)
  Gastronok (D:11)
  Frances (D:12)
  A frost giant (Vaults:1)
  2 vault wardens (Vaults:1)
  2 ironbound preservers
  An ironbound thunderhulk (Vaults:1)
  Nessos (D:12)
  Snorg (D:11)
  Harold (D:9)
  A great orb of eyes (Vaults:1)
  A yaktaur captain (Vaults:1)
  3 ironbound frosthearts (Vaults:1)
  9 vault guards
  6 centaur warriors
  5 boulder beetles
  8 two-headed ogres
  4 death yaks (Lair:2)
  Urug (D:12)
  Nergalle (D:12)
  11 deep trolls
  2 arcanists (Vaults:1)
  3 lindwurms (Vaults:1)
  A phantasmal warrior (Vaults:1)
  An orc knight (Bailey)
  4 ironbound convokers (Vaults:1)
  A deep elf pyromancer (D:13)
  3 manticores
  3 ugly things (Vaults:1)
  A vault sentinel (Vaults:1)
  2 black mambas
  2 cane toads (Lair:1)
  2 unseen horrors
  2 gargoyles
  A rime drake (Lair:2)
  6 komodo dragons
  A kobold demonologist (D:12)
  Psyche (D:8)
  4 yaktaurs (Vaults:1)
  3 trolls
  10 polar bears (D:11)
  A raiju (shapeshifter) (D:13)
  5 blink frogs (Lair:1)
  A snapping turtle (Lair:2)
  11 slime creatures
  3 shadows
  A water elemental (Lair:2)
  7 wyverns
  A vampire (D:11)
  34 yaks
  3 wraiths
  Grum (D:8)
  4 humans (D:13)
  2 basilisks
  7 vampire mosquitoes (D:12)
  A steam dragon (D:8)
  A warg (D:10)
  7 water moccasins
  10 orc warriors
  4 black bears
  3 ogres
  An ogre (shapeshifter) (D:13)
  11 wolves
  3 boggarts (Vaults:1)
  A centaur (D:6)
  3 kobold brigands
  A phantom (D:7)
  7 bullfrogs
  A gnoll sergeant (D:8)
  11 scorpions
  11 wights
  7 killer bees
  2 bombardier beetles
  4 howler monkeys
  2 electric eels (D:10)
  5 centaur zombies
  2 human zombies (Ossuary)
  5 hounds
  A jelly (D:7)
  2 gnoll boudas
  5 orc priests
  A sleepcap (D:7)
  3 iguanas
  2 orc wizards
  7 scorpion zombies (Ossuary)
  An ogre zombie (D:8)
  4 mummies
  4 adders
  12 gnolls
  2 white imps
  2 adder zombies (Ossuary)
  A ribbon worm (D:3)
  40 orcs
  6 ball pythons
  8 endoplasms
  A giant cockroach (D:1)
  3 gnoll zombies (Ossuary)
  4 goblins
  3 hobgoblins
  15 kobolds
  5 quokkas
  4 bats
  4 frilled lizards
  2 jackal zombies (Ossuary)
  3 orc zombies (Ossuary)
  12 rats
  4 butterflies (Lair:1)
461 creatures vanquished.

Vanquished Creatures (others)
  A boggart (Vaults:1)
  2 orcs (D:8)
3 creatures vanquished.

Grand Total: 464 creatures vanquished

Notes
Turn   | Place    | Note
-------+----------+-------------------------------------------
     0 | D:1      | michknight7 the Minotaur Berserker began the quest for the
                  | Orb.
     0 | D:1      | Reached XP level 1. HP: 19/19 MP: 0/0
   158 | D:1      | Reached XP level 2. HP: 27/27 MP: 1/1
   323 | D:1      | You fall into a shaft and drop 1 floor!
   840 | D:2      | Reached XP level 3. HP: 33/33 MP: 2/2
  1300 | D:3      | Reached ** piety under Trog
  1684 | D:3      | Found Douv's Book Emporium.
  2166 | D:4      | Found a staircase to the Ecumenical Temple.
  2546 | D:4      | Reached skill level 5 in Maces & Flails
  2546 | D:4      | Reached XP level 4. HP: 36/41 MP: 3/3
  2658 | D:4      | Reached XP level 5. HP: 47/47 MP: 4/4
  2709 | D:4      | Found a shadowy altar of Dithmenos.
  2725 | D:4      | Found Rimupsas's Weapon Shoppe.
  2964 | D:5      | Entered Level 5 of the Dungeon
  2964 | D:5      | Found Xuenlec's Weapon Shoppe.
  2973 | D:5      | Reached skill level 5 in Fighting
  3040 | D:5      | Noticed a black bear
  3051 | D:5      | Killed a black bear
  3052 | D:5      | Reached XP level 6. HP: 56/56 MP: 5/5
  3196 | D:5      | Found a sacrificial altar of Ru.
  3234 | D:5      | Found an ornate altar of the Wu Jian Council.
  3250 | D:5      | Found a broken altar of Ashenzari.
  3307 | D:5      | Found a burning altar of Makhleb.
  3320 | D:5      | Found an opulent altar of Gozag.
  3348 | D:5      | Reached skill level 1 in Stealth
  3524 | D:5      | Reached XP level 7. HP: 62/62 MP: 6/6
  3727 | D:6      | Found Dozacap's Distillery.
  3738 | D:6      | Bought a potion of heal wounds for 75 gold pieces
  3738 | D:6      | Bought a potion of might for 60 gold pieces
  3738 | D:6      | Bought a potion of curing for 45 gold pieces
  3786 | D:6      | Reached skill level 5 in Dodging
  3788 | D:6      | Found Giyplioc's Distillery.
  3803 | D:6      | Bought a potion of curing for 42 gold pieces
  3803 | D:6      | Bought a potion of haste for 140 gold pieces
  3803 | D:6      | Bought a potion of curing for 42 gold pieces
  3864 | D:6      | Found a sand-covered staircase.
  3884 | D:6      | Reached XP level 8. HP: 27/71 MP: 7/7
  3972 | Ossuary  | Entered an ossuary
  4066 | Ossuary  | Reached *** piety under Trog
  4290 | Ossuary  | Reached skill level 5 in Armour
  4434 | D:6      | Found Vinnaoca's Magic Scroll Shop.
  4649 | D:6      | Found Obigoth's Jewellery Shoppe.
  4669 | D:6      | Found Keroder's Jewellery Shop.
  4877 | D:7      | Reached XP level 9. HP: 79/79 MP: 8/8
  4894 | D:7      | Identified the +9 short sword of Anguish {pain, rF+ rC+
                  | rCorr Int+3}
  4914 | D:7      | Found a stormy altar of Qazlal.
  5188 | D:7      | Found a hide-covered altar of Uskayaw.
  5281 | D:7      | Reached **** piety under Trog
  5292 | D:7      | Reached skill level 10 in Maces & Flails
  5355 | D:7      | Found a flagged portal.
  5374 | Bailey   | Entered a bailey
  5505 | Bailey   | Noticed an orc knight
  5524 | Bailey   | Killed an orc knight
  5623 | Bailey   | Identified the +10 long sword of Ointment {freeze, Int+2
                  | Stlth+}
  5623 | Bailey   | Identified the +0 kite shield of the Doldrums {rPois rC+
                  | Dex-3 Slay+2}
  6081 | D:8      | Noticed Grum
  6105 | D:8      | Killed Grum
  6119 | D:8      | Reached skill level 1 in Long Blades
  6170 | D:8      | Reached XP level 10. HP: 82/89 MP: 9/9
  6178 | D:8      | Reached skill level 1 in Shields
  6322 | D:8      | Noticed Psyche
  6335 | D:8      | Killed Psyche
  6515 | D:8      | Reached skill level 5 in Long Blades
  6756 | D:9      | Noticed Harold
  6771 | D:9      | Killed Harold
  6877 | D:9      | Reached ***** piety under Trog
  7001 | D:9      | Reached skill level 5 in Shields
  7003 | D:9      | Identified the +1 robe of the Trombone {rF+}
  7074 | D:9      | Found a sparkling altar of Nemelex Xobeh.
  7341 | D:10     | Entered Level 10 of the Dungeon
  7387 | D:10     | Found a staircase to the Lair.
  7396 | D:10     | Reached XP level 11. HP: 97/97 MP: 10/10
  7517 | D:10     | Noticed a two-headed ogre
  7520 | D:10     | Killed a two-headed ogre
  7761 | D:10     | Found a staircase to the Orcish Mines.
  8286 | Orc:1    | Entered Level 1 of the Orcish Mines
  8293 | Orc:1    | Noticed an orc sorcerer
  8294 | Orc:1    | Noticed an orc warlord
  8384 | D:11     | Found a runed translucent gate.
  8384 | D:11     | Found a runed translucent gate.
  8385 | D:11     | Found a runed translucent gate.
  8392 | D:11     | Noticed a boulder beetle
  8394 | D:11     | Noticed Gastronok
  8514 | Lair:1   | Entered Level 1 of the Lair of Beasts
  8517 | Lair:1   | Noticed a boulder beetle
  8537 | Lair:1   | Reached skill level 10 in Fighting
  8559 | D:10     | Reached skill level 10 in Long Blades
  8578 | D:10     | Killed a boulder beetle
  8669 | Lair:1   | Identified the ring of Aneownafuu {^Contam rElec rPois rF+
                  | Slay+4}
  9062 | Lair:1   | Reached XP level 12. HP: 79/108 MP: 11/11
  9337 | Lair:2   | Found a transporter.
  9338 | Lair:2   | Found a transporter.
  9344 | Lair:2   | Noticed ces's ghost (journeyman SpHu)
  9709 | Lair:2   | Identified the +9 flail "Ohesh" {heavy, rF+}
  9872 | Lair:2   | Reached skill level 10 in Armour
  9887 | Lair:2   | Noticed a death yak
  9887 | Lair:2   | Noticed a death yak
  9889 | Lair:2   | Noticed a death yak
  9889 | Lair:2   | Noticed a death yak
  9900 | Lair:2   | Killed a death yak
  9903 | Lair:2   | Killed a death yak
  9932 | Lair:2   | Killed a death yak
  9948 | Lair:2   | Killed a death yak
 10227 | Lair:2   | Found a staircase to the Shoals.
 10349 | D:11     | Noticed a boulder beetle
 10364 | D:11     | Killed a boulder beetle
 10539 | D:11     | Received a gift from Trog
 10592 | D:11     | Killed a boulder beetle
 10660 | D:11     | Killed Gastronok
 10705 | D:11     | Reached XP level 13. HP: 112/118 MP: 12/12
 10858 | D:11     | Noticed Snorg
 10869 | D:11     | Killed Snorg
 11144 | D:12     | Reached skill level 10 in Shields
 11228 | D:12     | Noticed Urug
 11236 | D:12     | Killed Urug
 11389 | D:12     | Noticed Nergalle
 11397 | D:12     | Killed Nergalle
 11469 | D:12     | Noticed Frances
 11481 | D:12     | Killed Frances
 11565 | D:12     | Found a flickering gateway to a bazaar.
 11569 | D:12     | Noticed Nessos
 11573 | Bazaar   | Entered a bazaar
 11577 | Bazaar   | Found Onatat's General Store.
 11595 | Bazaar   | Found Sesyish's Antique Weapon Emporium.
 11619 | Bazaar   | Found Acvatesk's Book Boutique.
 11642 | Bazaar   | Found Vugooru's Antique Armour Shoppe.
 11714 | D:12     | Killed Nessos
 12331 | D:13     | Reached ****** piety under Trog
 12351 | D:13     | Identified the +7 broad axe "Efonasie" {flame, rN+ Str-2
                  | Dex+5} (Trog gifted it to you on level 13 of the Dungeon)
 12351 | D:13     | Received a gift from Trog
 12395 | D:13     | Reached XP level 14. HP: 41/129 MP: 13/13
 12480 | D:13     | Found a gate to the Vaults.
 13396 | Vaults:1 | Entered Level 1 of the Vaults
 13417 | Vaults:1 | Noticed a frost giant
 13807 | Vaults:1 | Noticed an ironbound thunderhulk
 13822 | Vaults:1 | Identified the +0 leather armour of Dice, Bag, and Bottle
                  | {rF+ Slay+3}
 13932 | Vaults:1 | Killed an ironbound thunderhulk
 13948 | Vaults:1 | Noticed an ironbound preserver
 14092 | Vaults:1 | Killed an ironbound preserver
 14099 | Vaults:1 | HP: 4/133 [deep troll[an ironbound preserver] (8)]
 14131 | Vaults:1 | HP: 6/133 [ogre/+0 giant club[the player character] (36)]
 14215 | Vaults:1 | Killed a frost giant
 14465 | Vaults:1 | Noticed a vault warden
 14467 | Vaults:1 | Noticed Nikola
 14545 | Vaults:1 | Killed a vault warden
 14611 | Vaults:1 | Noticed a vault warden
 14637 | Vaults:1 | Killed a vault warden
 14644 | Vaults:1 | Reached skill level 15 in Armour
 14701 | Vaults:1 | Noticed a vault warden
 14702 | Vaults:1 | Noticed a vault warden
 14702 | Vaults:1 | Noticed an ironbound preserver
 14717 | Vaults:1 | Killed Nikola
 14753 | Vaults:1 | Reached skill level 15 in Fighting
 14879 | Vaults:1 | Found Seiss's Armour Shoppe.
 15206 | Vaults:2 | Noticed Mara
 15208 | Vaults:2 | Noticed michknight7's illusion
 15259 | Vaults:2 | HP: 6/135 [Mara (illusionary)/bolt of fire (18)]
 15374 | Vaults:2 | Noticed michknight7's illusion
 15390 | Vaults:2 | Killed Mara
 15449 | Vaults:2 | Noticed an ironbound preserver
 15471 | Vaults:2 | Reached XP level 15. HP: 125/141 MP: 14/14
 15500 | Vaults:2 | Noticed Mennas
 15559 | Vaults:2 | Slain by Mennas

Illustrated notes

Levels and vault maps discovered:
D:1:      dreamdust_arrival_beginning_and_end, layout_rooms, st_stairs_8
D:2:      layout_basic, serial_curves, eino_curves_01, eino_curves_04
D:3:      layout_basic, serial_shops, nicolae_shop_trees
D:4:      layout_loops_corners, nicolae_overflow_hidden_temple,
          minmay_temple_entry_ruins, serial_shops, nicolae_shop_tiny_waterfront
D:5:      layout_rooms, nicolae_ru_path_of_blood,
          nicolae_overflow_quartered_altars, serial_shops, shop_coins,
          serial_bayou_pond_d, nicolae_titane
D:6:      layout_basic, serial_shops, shop, nicolae_shop_tiny_statue_garden,
          shop, shop, nicolae_shop_tiny_glass,
          nicolae_ossuary_entry_false_entrances
D:7:      layout_basic, grunt_qazlal_clouds, nicolae_uskayaw_dance_hall,
          enter_bailey_2, grunt_ministairs_2
D:8:      layout_cave_pools, minmay_mini_ossuary, uniq_grum, uniq_psyche
D:9:      layout_loops_ring, nemelex_diamond_rough_becter, uniq_harold
D:10:     layout_irregular_city, minmay_lair_entry_grove, orc_0_dummy,
          hangedman_decor_lopped, kennysheep_minor_cross, reono_crystal_passage
D:11:     lemuel_bear_cage, layout_gridville, special_room [special_room_orc],
          uniq_snorg, uniq_gastronok
D:12:     lemuel_ice_spiral_2, layout_basic, serial_shops, bzr_entry_gold,
          grunt_tough_drop, uniq_nergalle, uniq_urug, uniq_frances, uniq_nessos
D:13:     layout_loops_cross, ximxim_vaults_locker_room
Lair:1:   layout_big_grid, grunt_megastairs_1, lemuel_fruit_fields,
          lemuel_fruit_fields, serial_bayou_shore_b, serial_bayou_shore_b
Lair:2:   dreamdust_cave_troll, layout_layer_cave, minmay_shoals_entry_hut,
          gammafunk_ghost_hive
Orc:1:    layout_caves, serial_shops, nicolae_shop_dealshenge,
          blackcustard_mines_bat_river, uniq_josephine
Vaults:1: nicolae_vaults_oval_intersection, nicolae_vaults_closet_pinwheel_2,
          v_misc_23, nicolae_vaults_weapon_check, v_misc_10,
          nicolae_vaults_bisected_inception, nicolae_vaults_trapezoid_4,
          nicolae_vaults_trapezoid_2, nicolae_vaults_specimen_jars, v_misc_15,
          nicolae_vaults_trapezoid_2, layout_vaults_ring, serial_shops,
          nicolae_shop_real_fake_doors, uniq_nikola
Vaults:2: minmay_crypt_entry_simple_sparse, v_misc_31,
          nicolae_vaults_little_squares_3, nicolae_vaults_off_center_swirl,
          nicolae_vaults_shelves_hall, v_misc_11, minmay_orc_keep,
          nicolae_vaults_gold_heap, nicolae_vaults_tangram_2,
          nicolae_vaults_house_2, layout_vaults_big_room, uniq_mennas,
          uniq_mara, uniq_donald

Skill      XL: |  1  2  3  4  5  6  7  8  9 10 11 12 13 14 |
---------------+-------------------------------------------+-----
Maces & Flails | 4 5 6 7 9 11 | 11.2
Fighting       | 4 5 6 7 8 9 10 12 13 15 | 15.4
Armour         | 3 4 5 6 7 9 11 13 15 | 15.7
Dodging        | 3 4 5 6 8 9 |  9.2
Stealth        | 1 2 |  2.9
Long Blades    | 1 7 10 13 14 | 14.0
Shields        | 5 7 9 11 13 | 13.8

Action                     |  1- 3 |  4- 6 |  7- 9 | 10-12 | 13-15 || total
---------------------------+-------+-------+-------+-------+-------++-------
  Melee: Mace              |   101 |    53 |   291 |       |       ||   445
         Headbutt          |    15 |    13 |    65 |   129 |   157 ||   379
         Punch             |     3 |     2 |     4 |       |       ||     9
         Long sword        |       |       |    31 |   550 |   563 ||  1144
 Invoke: Berserk           |       |     1 |     4 |     1 |     4 ||    10
         Brothers in Arms  |       |       |       |       |     1 ||     1
    Use: Scroll            |       |     7 |     9 |    11 |     7 ||    34
         Potion            |       |       |     2 |     2 |    10 ||    14
 Armour: Animal skin       |    47 |       |       |       |       ||    47
         Leather armour    |    23 |    43 |   272 |       |       ||   338
         Plate armour      |       |       |    73 |   679 |   663 ||  1415
         Skin              |       |       |       |       |     5 ||     5
  Dodge: Dodged            |    69 |    42 |   272 |   257 |   233 ||   873
  Block: Kite shield       |       |       |    26 |   295 |   341 ||   662
